 Dungeon Crawl Stone Soup version 0.26-a0-602-gd42a14c23b (webtiles) character file.

Game seed: 6104841822713986288

9 ANON1729 the Sneak (level 2, 0/21 HPs)
             Began as an Octopode Delver on Aug 30, 2020.
             Slain by a ball python (1 damage)
             ... in a sewer.
             The game lasted 00:00:56 (374 turns).

ANON1729 the Sneak (Octopode Delver)                 Turns: 374, Time: 00:00:57

Health: 0/21       AC:  1    Str: 11    XL:     2   Next: 12%
Magic:  2/2        EV: 10    Int: 12    God:
Gold:   28         SH:  0    Dex: 13    Spells: 1/1 levels left

rFire    . . .     SeeInvis .     - Unarmed
rCold    . . .     Faith    .   (no shield)
rNeg     . . .     Spirit   .   (helmet restricted)
rPois    .         Reflect  .   (no amulet)
rElec    .         Harm     .   (no ring)
rCorr    .                      (no ring)
MR       .....                  (no ring)
Stlth    +++++.....             (no ring)
HPRegen  0.07/turn              (no ring)
MPRegen  0.08/turn              (no ring)
                                (no ring)
                                (no ring)

@: mighty, lethally poisoned (0 -> -16), hasted, constricted, very quick
A: almost no armour, stealthy swim, amphibious, 8 rings, constrict 8, camouflage
1, gelatinous body 1
a: no special abilities


You were in a sewer.
You visited 1 branch of the dungeon, and saw 2 of its levels.
You also visited: Sewer.

You collected 28 gold pieces.

Inventory:

Wands
 e - a wand of digging (3)
Scrolls
 a - a scroll of fog
 b - a scroll of magic mapping
 c - a scroll of fear


   Skills:
 + Level 3.1 Fighting
 + Level 2.2 Dodging
 + Level 6.7 Stealth
 + Level 2.2 Unarmed Combat


You had one spell level left.
You didn't know any spells.
Your spell library was empty.

Dungeon Overview and Level Annotations

Branches:
Dungeon (5/15)              Sewer (1/1)
 Temple: D:4-7

Altars:

Annotations:
D:4 exclusion: worker ant


Innate Abilities, Weirdness & Mutations

You cannot wear most types of armour.
You are very stealthy in the water. (Stealth+)
You are amphibious.
You can wear up to eight rings at the same time.
You can use your tentacles to constrict eight enemies at once.
Your skin changes colour to match your surroundings (Stealth+).
Your rubbery body absorbs attacks. (AC +1, EV +1)


Message History

* * * LOW HITPOINT WARNING * * *
You feel sick. The adder barely misses you. The ball python barely misses you.
The ball python closely misses you. The adder bites you.
* * * LOW HITPOINT WARNING * * *
You feel yourself speed up.
* * * LOW HITPOINT WARNING * * *
You feel sick.
The river rat twitches its whiskers.
The river rat misses you. The ball python misses you.
The ball python grabs you.
* * * LOW HITPOINT WARNING * * *
The ball python constricts you. The adder bites you.
* * * LOW HITPOINT WARNING * * *
You are more poisoned.
The adder poisons you!
You closely miss the river rat. Your grab misses the river rat.
* * * LOW HITPOINT WARNING * * *
You feel sick. The river rat closely misses you.
The ball python closely misses you.
You die...

#!!#)?#≈≈≈≈≈≈#!.#.?#
#)...!#≈≈≈≈≈≈#.....#
##...##≈≈≈≈≈≈##...##
#.....#≈≈≈≈≈≈#.....#
#.....#≈(≈≈≈≈#.....#
###'###≈≈≈≈≈(###'##
#...≈≈≈(≈≈≈≈(≈)..##
#....≈≈≈(S≈≈≈)≈...#
#...((r≈≈S@≈≈≈≈...#
#.....≈K≈r≈≈≈≈≈...##
##....K≈≈≈≈≈≈(.....#
#....#≈≈≈≈≈≈≈≈....#
##..##≈≈≈≈≈≈......#
#..##≈≈≈≈≈≈...÷.##
#...##≈≈≈≈≈≈....#
#... #≈≈≈≈≈....##
≈≈≈≈≈....####


You could see a big kobold, an adder, a river rat, a ball python, a kobold and a
rat.

Vanquished Creatures
  A ball python (D:4)
  A giant cockroach (D:4)
  A quokka (D:4)
  2 kobolds (Sewer)
  5 rats
10 creatures vanquished.

Notes
Turn   | Place    | Note
-------+----------+-------------------------------------------
     0 | D:5      | ANON1729 the Octopode Delver began the quest for the Orb.
     0 | D:5      | Reached XP level 1. HP: 16/16 MP: 1/1
     9 | D:5      | Noticed an ogre
    70 | D:4      | Noticed a worker ant
    85 | D:4      | Found a glowing drain.
   103 | Sewer    | Entered a sewer
   124 | Sewer    | Reached XP level 2. HP: 19/21 MP: 2/2
   213 | Sewer    | Noticed a big kobold
   213 | Sewer    | Noticed a big kobold
   374 | Sewer    | HP: 1/21 [poisoned by an adder]
   374 | Sewer    | Slain by a ball python

Illustrated notes

Levels and vault maps discovered:
D:4:      layout_loops_corners, lemuel_crystal_altar,
          cheibrodos_sewer_entry_drain, serial_rivers,
          chequers_serial_rivers_room_a, chequers_serial_rivers_micro_a,
          chequers_serial_rivers_small_b, chequers_serial_rivers_small_b,
          kennysheep_donut, makhleb_heckhound_becter
D:5:      layout_cave_pools, lemuel_round_altar, gammafunk_ghost_icy,
          uniq_blork_the_orc, uniq_crazy_yiuf_cottage
Sewer:    sewer_minmay_treatment

Action                   || total
-------------------------++-------
Melee: Unarmed           ||    20
       Constrict         ||     5
       Tentacles         ||     3
  Use: Potion            ||     2
 Stab: Sleeping          ||     3
Armor: Skin              ||     4
Dodge: Dodged            ||    23

Table legend: (Time is in decaauts)
 A = Elapsed time spent in this place.
 B = Non-inter-level travel time spent in this place.
 C = Inter-level travel time spent in this place.
 D = Time resting spent in this place.
 E = Time spent auto-exploring this place.
 F = Levels seen in this place.
 G = Mean time per level.
                   A        B        C        D        E       F      G
               +--------+--------+--------+--------+--------+-----+--------+
         Total |    372 |    372 |      0 |    134 |     97 |   3 |  124.0 |
       Dungeon |    102 |    102 |      0 |      0 |     60 |   2 |   51.0 |
         Sewer |    270 |    270 |      0 |    134 |     37 |   1 |  270.0 |
               +--------+--------+--------+--------+--------+-----+--------+

Top non-repeatable levels by time:
   Sewer: 270 daAuts
     D:4: 88 daAuts
     D:5: 14 daAuts
